AoeStats
← Eugenius

Black Forest

509952239Analyzed
4v4 RM · 2d ago on Sep 28, 2026· 24m 12s· 8 players
Game mode
Random Map
Map size
Large (8 player)
Population
200
Speed
Normal
Resources
Standard
Victory
Conquest
Starting age
Dark Age
Ending age
Imperial Age
RankedLock teamsTeams togetherTeam positionsShared explorationLock speedFull tech treeHidden civsTurbo modeCheats
Victory
Defeat
🇵🇪 Magyars · Peru
1684
+9
🇺🇸 Italians · United States
1676
+10
🇲🇽 Gurjaras · Mexico
1547
+14
🇲🇽 Georgians · Mexico
1545
+15
🇮🇹 Sicilians · Italy
1541
-13
🇪🇸 Bohemians · Spain
1533
-12
🇲🇽 Koreans · Mexico
1525
-12
🇮🇹 Britons · Italy
1489
-11
TandemTooth
2:53 Loom
10:57 Feudal Age
11:15 Man-at-Arms
14:58 Fletching
20:47 Scale Mail Armor
Yun
12:29 Feudal Age
13:30 Loom
16:15 Castle Age
15:12 Double-Bit Axe
17:22 Bow Saw
19:15 Fletching
EVA | luxfma
12:01 Feudal Age
15:33 Castle Age
13:22 Double-Bit Axe
13:18 Horse Collar
16:40 Bow Saw
16:59 Heavy Plow
21:26 Wheelbarrow
22:53 Scale Mail Armor
23:03 Forging
23:18 Squires
23:04 Arson
23:39 Loom
23:39 Town Watch
24:27 Chain Mail Armor
Shul
1:08 Loom
9:54 Feudal Age
10:33 Double-Bit Axe
12:11 Horse Collar
18:24 Castle Age
19:27 Bow Saw
19:18 Heavy Plow
19:55 Wheelbarrow
19:50 Town Watch
20:24 Gold Mining
quesarito
0:27 Loom
10:40 Feudal Age
11:11 Double-Bit Axe
14:07 Fletching
15:02 Padded Archer Armor
22:28 Castle Age
21:27 Horse Collar
23:14 Bodkin Arrow
23:33 Crossbowman
Paco Gerte Alrato
2:08 Loom
10:09 Feudal Age
15:27 Castle Age
21:44 Horse Collar
César UAM
2:06 Loom
10:56 Feudal Age
18:41 Castle Age
17:50 Double-Bit Axe
19:43 Fishing Lines
22:23 Bow Saw
23:00 Gillnets
23:31 Horse Collar
Eugenius
12:14 Feudal Age
12:58 Double-Bit Axe
12:54 Horse Collar
15:59 Castle Age
15:17 Bloodlines
16:11 Light Cavalry
20:01 Husbandry
21:37 Scale Barding Armor
23:01 Chain Barding Armor
Connection lost

Rejoining the realm…

Still unreachable

The connection could not be restored.

Session expired

The server has moved on; the page needs a fresh start.